 Dungeon Sprint DCSS version 0.16-a0-3803-gd4b2de5 (webtiles) character file.

1230 PolkaDot the Impaler (level 8, -1/72 (73) HPs)
             Began as a Merfolk Gladiator on Jan 26, 2015.
             Slain by a greater mummy (20 damage)
             ... in the Dungeon (Sprint V: "Ziggurat Sprint").
             The game lasted 00:06:56 (594 turns).

PolkaDot the Impaler (Merfolk Gladiator)             Turns: 594, Time: 00:06:56

HP:   -1/72 (73)    AC: 23    Str: 24    XL:     8   Next: 48%
MP:   8/8           EV: 20    Int: 11    God:
Gold: 0             SH: 16    Dex: 31    Spells: 0 memorised, 7 levels left

rFire  + . .     SeeInvis .     I - +8 lance {slay drac, +Rage rPois+ rF+ AC+5}
rCold  x . .     Clarity  +     m - +5 plate armour
rNeg   . . .     SustAb   .     c - +4 shield "Tipsazat" {+Inv rElec rPois+ rC- Str+2}
rPois  +         Gourm    .     Q - +0 helmet {Int+3}
rElec  +         Spirit   .     (no cloak)
rCorr  .         Warding  .     (no gloves)
rMut   .         NoTele   +     R - +1 pair of boots {Stlth+}
MR     .....                    J - amulet of clarity
Stlth  ..........               G - +6 ring of dexterity
                                F - +6 ring of dexterity

@: mighty, agile, non-regenerating, rotting, diseased, slowed, very slow, not
resistant to hostile enchantments, extremely unstealthy
A: change form in water, swift swim
a: Evoke Berserk Rage, Evoke Invisibility


You were in the Dungeon.
You were hungry.

You visited 1 branch

Inventory:

Hand weapons
 I - the +8 lance "Wyrmbane" (weapon) {slay drac, +Rage rPois+ rF+ AC+5}
   (You found it in the Dungeon)

   It affects your AC (+5).
   It protects you from fire.
   It protects you from poison.
   It lets you go berserk.
Missiles
 d - 3 throwing nets (quivered)
Armour
 c - the +4 shield "Tipsazat" (worn) {+Inv rElec rPois+ rC- Str+2}
   (You found it in the Dungeon)

   It affects your strength (+2).
   It makes you vulnerable to cold.
   It insulates you from electricity.
   It protects you from poison.
   It lets you turn invisible.
 l - a cursed +5 crystal plate armour
 m - a +5 plate armour (worn)
 H - the +18 shield of the gong {rElec rN+ MR+ EV-5}
   (You found it in the Dungeon)

   It affects your evasion (-5).
   It insulates you from electricity.
   It protects you from negative energy.
   It affects your resistance to hostile enchantments.
 Q - a +0 helmet of intelligence (worn)
 R - a +1 pair of boots of stealth (worn)
Rods
 O - a +3 rod of ignition (14/14)
   (You took it off an orc warrior in the Dungeon)
Jewellery
 F - a +6 ring of dexterity (left hand)
 G - a +6 ring of dexterity (right hand)
 J - an amulet of clarity (around neck)
Magical devices
 B - a wand of disintegration (7)
 C - a wand of fire (5)
 D - a wand of cold (5)
 E - a wand of draining (5)
Scrolls
 k - 2 scrolls of blinking
 s - 4 scrolls of amnesia
 t - 3 scrolls of recharging
 u - 7 scrolls of fog
 v - a scroll of holy word
 w - 5 scrolls of identify
 x - 5 scrolls of remove curse
 y - 2 scrolls of fear
Potions
 a - 2 potions of brilliance
 b - 2 potions of invisibility
 e - 10 potions of curing
 g - 7 potions of heal wounds
 h - 6 potions of haste
 i - 7 potions of magic
 j - 3 potions of berserk rage
 n - 2 potions of restore abilities
 o - 4 potions of resistance
 q - 4 potions of agility
 r - 4 potions of might
Miscellaneous
 K - an ornate deck of defence {drawn: 3}
 L - a plain deck of summoning
 M - a lamp of fire
 N - a sack of spiders
 P - a crystal ball of energy
Comestibles
 f - 5 bread rations
 p - 12 chunks of flesh
 z - 42 fruits
 A - 4 meat rations


   Skills:
 + Level 10.4 Fighting
 * Level 17.6 Polearms
 - Level 2.0 Throwing
 - Level 11.6 Dodging
 + Level 4.0 Shields


You had 7 spell levels left.
You didn't know any spells.

Dungeon Overview and Level Annotations

Branches:
Dungeon (1/1)

Altars:
Ashenzari
Cheibriados
Dithmenos
Elyvilon
Fedhas
Gozag
Kikubaaqudgha
Makhleb
Nemelex Xobeh
Okawaru
Qazlal
Ru
Sif Muna
Trog
Vehumet
Xom
Yredelemnul
Zin
The Shining One
Beogh
Jiyva
Lugonu


Message History

The emperor scorpion claws you.
* * * LOW HITPOINT WARNING * * *
The emperor scorpion closely misses you.
The flying skull hits you but does no damage.
The greater mummy casts a spell.
The flying skull misses you.
You puncture the guardian mummy!
The guardian mummy is almost destroyed.
You block the flying skull's attack. The emperor scorpion stings you!
* * * LOW HITPOINT WARNING * * *
The emperor scorpion claws you but does no damage.
The emperor scorpion claws you!
* * * LOW HITPOINT WARNING * * *
The flying skull barely misses you.
The emperor scorpion stings you but does no damage.
The emperor scorpion claws you but does no damage.
You block the emperor scorpion's attack.
The guardian mummy hits you but does no damage.
You block the flying skull's attack. The greater mummy hits you!!
You die...

▓.▓....▓.▓.▓....▓.▓
▓........▓........▓
▓▓▓▓▓▓▓▓▓▓▓▓▓▓▓▓▓▓▓
▓...8©8...▓..8©8..▓
▓..:\:....▓..:[[..▓
▓...[))...▓...):..▓
▓.......s.▓.......▓
▓......szz▓.......▓
▓.....8z@.▓.......▓
▓......MMs▓...)[..▓
▓.........▓.▓)÷)▓.▓
▓......s..▓.......▓
▓▓▓▓▓▓▓▓▓▓▓▓▓▓▓▓▓▓▓
▓..8©8..▓ ▓...)...▓
▓..?")..▓ ▓.......▓


You could see a greater mummy, 4 emperor scorpions, a guardian mummy, an ushabti
and 3 flying skulls.

Vanquished Creatures
  A black mamba (D)
  A water moccasin (D)
  A naga (D)
  An orc warrior (D)
  A phantom (D)
  3 jellies (D)
  2 crimson imps (D)
  4 orc priests (D)
  3 orc wizards (D)
  A mummy (D)
  A shadow imp (D)
  A giant eyeball (D)
  An adder zombie (D)
  An ooze (D)
  4 orcs (D)
  2 bat zombies (D)
  3 ball pythons (D)
31 creatures vanquished.

Notes
Turn   | Place    | Note
--------------------------------------------------------------
     0 | D        | PolkaDot, the Merfolk Gladiator, began the quest for the Orb.
     0 | D        | Reached XP level 1. HP: 16/16 MP: 1/1
     0 | D        | Found a basalt altar of Yredelemnul.
     0 | D        | Found an iron altar of Okawaru.
    15 | D        | Found a radiant altar of Vehumet.
    16 | D        | Found a corrupted altar of Lugonu.
    16 | D        | Found a burning altar of Makhleb.
    17 | D        | Found a viscous altar of Jiyva.
    17 | D        | Found a white marble altar of Elyvilon.
    19 | D        | Found a sparkling altar of Nemelex Xobeh.
    19 | D        | Found a deep blue altar of Sif Muna.
    25 | D        | Found a bloodstained altar of Trog.
    44 | D        | Found a shimmering altar of Xom.
    64 | D        | Entered arena 1.
    64 | D        | Noticed an orc wizard
    66 | D        | Reached skill level 5 in Polearms
    73 | D        | Killed an orc wizard
    73 | D        | Reached skill level 7 in Polearms
    73 | D        | Reached skill level 5 in Dodging
    73 | D        | Reached XP level 2. HP: 18/25 MP: 2/2
    73 | D        | Reached XP level 3. HP: 21/30 MP: 3/3
   160 | D        | Entered arena 2.
   160 | D        | Noticed a crimson imp
   160 | D        | Noticed a crimson imp
   167 | D        | Killed a crimson imp
   167 | D        | Reached skill level 8 in Polearms
   167 | D        | Reached XP level 4. HP: 34/38 MP: 4/4
   171 | D        | Reached skill level 9 in Polearms
   179 | D        | Killed a crimson imp
   179 | D        | Reached skill level 5 in Fighting
   179 | D        | Reached skill level 10 in Polearms
   209 | D        | Entered arena 3.
   209 | D        | Noticed an orc priest
   209 | D        | Noticed an orc priest
   209 | D        | Noticed an orc priest
   211 | D        | Reached skill level 13 in Polearms
   211 | D        | Reached XP level 5. HP: 32/48 MP: 5/5
   217 | D        | Killed an orc priest
   217 | D        | Reached XP level 6. HP: 40/56 MP: 6/6
   220 | D        | Killed an orc priest
   220 | D        | Reached skill level 14 in Polearms
   220 | D        | Reached skill level 10 in Dodging
   224 | D        | Killed an orc priest
   355 | D        | Entered arena 4.
   355 | D        | Noticed a phantom
   364 | D        | Killed a phantom
   380 | D        | Entered arena 5.
   380 | D        | Noticed a jelly
   380 | D        | Noticed a jelly
   380 | D        | Noticed a jelly
   383 | D        | Killed a jelly
   383 | D        | Reached skill level 15 in Polearms
   383 | D        | Paralysed by a giant eyeball for 3 turns
   389 | D        | Killed a jelly
   389 | D        | Reached XP level 7. HP: 63/63 MP: 7/7
   392 | D        | Killed a jelly
   402 | D        | Entered arena 6.
   402 | D        | Noticed an orc wizard
   402 | D        | Noticed an orc wizard
   402 | D        | Noticed an orc priest
   402 | D        | Noticed an orc warrior
   410 | D        | Killed an orc wizard
   414 | D        | Killed an orc warrior
   416 | D        | Killed an orc priest
   416 | D        | Reached skill level 16 in Polearms
   420 | D        | Killed an orc wizard
   437 | D        | Identified the Disquisition on Conjuration (You found it in the Dungeon)
   451 | D        | Got the +4 shield "Tipsazat" {+Inv rElec rPois+ rC- Str+2}
   499 | D        | Entered arena 7.
   499 | D        | Noticed a water moccasin
   499 | D        | Noticed a black mamba
   499 | D        | Noticed a naga
   515 | D        | Killed a naga
   515 | D        | Reached skill level 1 in Shields
   517 | D        | Killed a black mamba
   517 | D        | Reached skill level 10 in Fighting
   517 | D        | Reached skill level 17 in Polearms
   517 | D        | Reached XP level 8. HP: 72/72 MP: 8/8
   520 | D        | Killed a water moccasin
   570 | D        | Entered arena 8.
   570 | D        | Noticed a greater mummy
   570 | D        | Noticed a flying skull
   570 | D        | Noticed an ushabti
   570 | D        | Noticed a guardian mummy
   570 | D        | Noticed a flying skull
   570 | D        | Noticed a flying skull
   573 | D        | Noticed an emperor scorpion
   573 | D        | Noticed an emperor scorpion
   573 | D        | Noticed an emperor scorpion
   586 | D        | HP: 3/73 [greater mummy/divine providence (13)]
   594 | D        | Noticed an emperor scorpion
   594 | D        | Slain by a greater mummy

Action                   |  1- 3 |  4- 6 |  7- 9 || total
-------------------------+-------+-------+-------++-------
Melee: Lance             |    14 |    45 |    49 ||   108
 Abil: Evoke Berserk Rag |       |       |     2 ||     2
Evoke: Deck              |       |       |     3 ||     3
  Use: Potion            |       |     2 |     6 ||     8
       Scroll            |       |       |     2 ||     2
